 Dungeon Crawl Stone Soup version 0.19.3-4-gbf9329e (webtiles) character file.

1057 sveltemanboy the Destroyer (level 8, -3/45 HPs)
             Began as a Tengu Conjurer on Jan 29, 2017.
             Slain by a hill giant
             ... wielding a +0 giant club
              (24 damage)
             ... on level 6 of the Dungeon.
             The game lasted 00:18:02 (6674 turns).

sveltemanboy the Destroyer (Tengu Conjurer)         Turns: 6674, Time: 00:18:03

Health: -3/45      AC:  6    Str:  8    XL:     8   Next: 26%
Magic:  2/13       EV: 12    Int: 18    God:
Gold:   214        SH:  0    Dex: 15    Spells: 4 memorised, 1 level left

rFire  + . .     SeeInvis .     F - +1 halberd of War {vamp, +Fly rC+ Stlth+} (curse)
rCold  . . .     Gourm    .     E - +0 leather armour
rNeg   . . .     Faith    +     (shield currently unavailable)
rPois  .         Spirit   .     (helmet restricted)
rElec  .         Reflect  .     k - +0 cloak
rCorr  .         Harm     .     (no gloves)
MR     .....                    (boots unavailable)
Stlth  +++.......               r - amulet of faith
                                a - ring of fire (curse)
                                f - +2 ring of protection

@: no status effects
A: beak, talons 3, able to fly 1
a: Fly, Evoke Flight


You were on level 6 of the Dungeon.
You were not hungry.

You visited 2 branches of the dungeon, and saw 7 of its levels.

You collected 214 gold pieces.

Inventory:

Hand Weapons
 F - the cursed +1 halberd of War (weapon) {vamp, +Fly rC+ Stlth+}
   (You found it on level 4 of the Dungeon)

   It inflicts no extra harm, but heals its wielder when it wounds a living foe.
   It protects you from cold.
   It lets you fly.
   It makes you more stealthy.
   It has a curse placed upon it.
Armour
 k - a +0 cloak (worn)
 E - a +0 leather armour (worn)
Jewellery
 a - a cursed ring of fire (right hand)
 f - a +2 ring of protection (left hand)
 r - an amulet of faith (around neck)
 w - an uncursed ring of stealth
Wands
 n - a wand of slowing (26/48)
 t - a wand of lightning (0/15)
Scrolls
 e - 6 scrolls of remove curse {unknown}
 h - a scroll of recharging {unknown}
 i - 5 scrolls of teleportation {unknown}
 j - a scroll of immolation {unknown}
 o - a scroll of random uselessness {unknown}
 u - 3 scrolls of identify {unknown}
 x - a scroll of enchant weapon {unknown}
 y - a scroll of fear {unknown}
 A - a scroll of fog {unknown}
 D - a scroll of noise {unknown}
Potions
 d - a potion of beneficial mutation {unknown}
 l - a potion of invisibility {unknown}
 m - a potion of lignification {unknown}
 p - 2 potions of curing {unknown}
 q - a potion of mutation {unknown}
 s - a potion of heal wounds {unknown}
 v - 3 potions of flight {unknown}
 B - a potion of ambrosia {unknown}
Books
 b - a book of Conjurations

   Spells                             Type                      Level
   a - Magic Dart                     Conjuration                  1
   b - Searing Ray                    Conjuration                  2
   c - Dazzling Spray                 Conjuration/Hexes            3
   d - Fulminant Prism                Conjuration/Hexes            4
   e - Iskenderun's Mystic Blast      Conjuration                  4
   f - Iskenderun's Battlesphere      Conjuration/Charms           5
Comestibles
 c - 4 bread rations
 g - 5 meat rations
 z - a slice of pizza
 C - 2 chunks of flesh


   Skills:
 - Level 2.3 Fighting
 + Level 2.7 Polearms
 - Level 2.1 Armour
 - Level 2.1 Dodging
 - Level 2.0 Stealth
 - Level 3.0 Spellcasting
 + Level 10.8 Conjurations
 + Level 1.9 Charms


You had one spell level left.
You knew the following spells:

 Your Spells              Type           Power        Failure   Level  Hunger
a - Magic Dart            Conj           ####         1%          1    None
b - Searing Ray           Conj           #####.       1%          2    ##.....
c - Iskenderun's Mystic   Conj           #####...     2%          4    ####...
d - Iskenderun's Battles  Conj/Chrm      ####....     50%         5    ######.


Dungeon Overview and Level Annotations

Branches:
Dungeon (6/15)             Temple (1/1) D:4

Altars:
Ashenzari
Cheibriados
Dithmenos
Elyvilon
Fedhas
Gozag
Hepliaklqana
Kikubaaqudgha
Makhleb
Nemelex Xobeh
Okawaru
Qazlal
Ru
Sif Muna
Trog
Uskayaw
Xom
Yredelemnul
Zin
The Shining One


Innate Abilities, Weirdness & Mutations

You have a beak for a mouth.
You have claws for feet.
You can fly.


Message History

Press: ? - help, Shift-Dir - straight line, f/p - hill giant
Aim: a hill giant, wielding a giant club (heavily wounded) Nothing appears to happen.
The hill giant hits you with a giant club!!
Ouch! That really hurt!
Evoke which item? (* to show all) (? for menu, Esc to quit)
Zapping:
n - a wand of slowing (will waste charges)
Press: ? - help, Shift-Dir - straight line, f/p - hill giant
Aim: a hill giant, wielding a giant club (heavily wounded, chance to defeat MR: 34%)
The hill giant easily resists.
Evoking this partially-identified wand wasted a few charges.
Evoke which item? (* to show all) (? for menu, Esc to quit)
Zapping:
n - a wand of slowing {zapped: 3} (will waste charges)
Press: ? - help, Shift-Dir - straight line, f/p - hill giant
Aim: a hill giant, wielding a giant club (heavily wounded, chance to defeat MR: 34%)
The hill giant seems to slow down.
Evoking this partially-identified wand wasted a few charges.
The hill giant hits you with a giant club!!
Ouch! That really hurt!
You die...

#..# ##...#
######...#
####.......##
#..........##
#..........##
##..........#
##...C.....#
###.@######
#..## ##.##
#..# ##.######
##.#.....##
##.........#
#..#.......##
##..#........#


You could see a hill giant.

Vanquished Creatures
  An orc warrior (D:4)
  2 ogres (D:5)
  A scorpion (D:4)
  A killer bee (D:4)
  A crimson imp (D:5)
  2 hounds (D:4)
  Crazy Yiuf (D:5)
  An orc priest (D:4)
  A bullfrog skeleton (D:4)
  3 orc wizards
  Ijyb (D:2)
  An iguana (D:5)
  4 worker ants (D:4)
  2 howler monkey skeletons (D:5)
  7 gnolls
  7 adders
  An ooze (D:4)
  An adder zombie (D:5)
  3 adder skeletons
  2 worms (D:3)
  2 dart slugs
  5 leopard geckos
  9 orcs
  2 giant cockroaches
  9 goblins
  7 hobgoblins
  13 jackals
  5 quokkas
  6 bats
  7 frilled lizards
  7 kobolds
  A leopard gecko zombie (D:5)
  8 rats
124 creatures vanquished.

Vanquished Creatures (others)
  A wizard (D:3)
1 creature vanquished.

Grand Total: 125 creatures vanquished

Notes
Turn   | Place    | Note
-------+----------+-------------------------------------------
     0 | D:1      | sveltemanboy the Tengu Conjurer began the quest for the Orb.
     0 | D:1      | Reached XP level 1. HP: 10/10 MP: 4/4
   338 | D:1      | Reached XP level 2. HP: 15/15 MP: 3/6
   344 | D:1      | Reached skill level 1 in Armour
   591 | D:1      | Reached skill level 6 in Conjurations
   709 | D:1      | Reached XP level 3. HP: 19/19 MP: 4/7
  1699 | D:2      | Noticed Ijyb
  1711 | D:2      | Killed Ijyb
  1711 | D:2      | Reached XP level 4. HP: 15/24 MP: 0/8
  1719 | D:2      | Learned a level 2 spell: Searing Ray
  1724 | D:2      | Learned a level 4 spell: Iskenderun's Mystic Blast
  1844 | D:2      | Reached skill level 7 in Conjurations
  2505 | D:3      | Found a blossoming altar of Fedhas.
  2831 | D:3      | Gained mutation: You can fly. [Tengu growth]
  2831 | D:3      | Reached XP level 5. HP: 28/28 MP: 3/9
  3067 | D:3      | Found a bloodstained altar of Trog.
  3070 | D:3      | Noticed a wizard
  3074 | D:3      | Killed a wizard
  3437 | D:4      | Reached skill level 8 in Conjurations
  3582 | D:4      | Reached XP level 6. HP: 16/32 MP: 5/11
  3843 | D:4      | Found a deep blue altar of Sif Muna.
  4151 | D:4      | Reached skill level 9 in Conjurations
  4251 | D:4      | Reached skill level 1 in Fighting
  4328 | D:4      | Reached XP level 7. HP: 33/38 MP: 7/12
  4761 | D:4      | Reached skill level 10 in Conjurations
  5029 | D:4      | Learned a level 5 spell: Iskenderun's Battlesphere
  5073 | D:4      | Found a staircase to the Ecumenical Temple.
  5079 | Temple   | Entered the Ecumenical Temple
  5450 | D:4      | Got a polished halberd
  5456 | D:4      | Identified the cursed +1 halberd of War {vamp, +Fly rC+ Stlth+} (You found it on level 4 of the Dungeon)
  5520 | D:5      | Entered Level 5 of the Dungeon
  5735 | D:5      | Reached skill level 1 in Polearms
  5735 | D:5      | Reached skill level 1 in Charms
  5901 | D:5      | Reached XP level 8. HP: 45/45 MP: 6/13
  6437 | D:5      | Found a runed door.
  6591 | D:5      | Noticed Crazy Yiuf
  6594 | D:5      | Killed Crazy Yiuf
  6660 | D:6      | Noticed a hill giant
  6674 | D:6      | Slain by a hill giant

Skill      XL: |  1  2  3  4  5  6  7  8 |
---------------+-------------------------+-----
Armour         | 1 2 |  2.1
Conjurations   | 6 7 8 9 10 | 10.8
Spellcasting   | 3 |  3.0
Fighting       | 1 2 |  2.3
Polearms       | 1 2 |  2.7
Charms         | 1 |  1.9
Dodging        | |  2.1
Stealth        | |  2.0

Action                   |  1- 3 |  4- 6 |  7- 9 || total
-------------------------+-------+-------+-------++-------
Melee: Unarmed           |     8 |       |       ||     8
       Kick              |     3 |     2 |     6 ||    11
       Peck              |     1 |     1 |     2 ||     4
       Short sword       |       |     7 |     3 ||    10
       Halberd           |       |       |    12 ||    12
 Cast: Magic Dart        |    77 |    82 |    51 ||   210
       Searing Ray       |       |    13 |    18 ||    31
       Iskenderun's Myst |       |       |     2 ||     2
Evoke: Wand              |       |       |     4 ||     4
 Stab: Sleeping          |     1 |       |       ||     1
       Distracted        |       |       |     1 ||     1
  Eat: Chunk             |     2 |    11 |     8 ||    21
       Royal jelly       |       |       |     1 ||     1
       Pizza             |       |       |     1 ||     1
       Beef jerky        |       |       |     1 ||     1
Armor: Robe              |     4 |     2 |       ||     6
       Leather armour    |       |     3 |     9 ||    12
Dodge: Dodged            |    12 |    13 |    29 ||    54
